 Dungeon Sprint DCSS version 0.32-a0-931-g5a2cda0630 (webtiles) character file.

Game seed: 3728783656339608625

7800000 Griffin23 the Invulnerable (level 27, -27/273 HPs)
             Began as a Minotaur Warper on Apr 14, 2024.
             Was the Champion of Makhleb.
             Killed from afar by a dread (40 damage)
             ... with damnation
             ... in the Dungeon (Sprint VIII: "Arena of Blood").
             The game lasted 00:05:50 (78 turns).

Griffin23 the Invulnerable (Minotaur Warper)          Turns: 78, Time: 00:05:51

Health: -27/273    AC:  6    Str: 23    XL:     27
Magic:  29/53      EV: 28    Int: 10    God:    Makhleb [******]
Gold:   0          SH:  0    Dex: 17    Spells: 80/80 levels left

rFire   + . .        j - +∞ Axe of Woe
rCold   . . .        (shield currently unavailable)
rNeg    . . .        b - +0 leather armour
rPois   .            (helmet restricted)
rElec   .            (no cloak)
rCorr   .            (no gloves)
SInv    .            (no boots)
Will    ++...        (no amulet)
Stlth   +++++++++    c - ring of protection from fire
HPRegen 0.65/turn    (no ring)
MPRegen 0.33/turn

%: no teleportation
@: no status effects
A: horns 2, retaliatory headbutt
a: Renounce Religion, Minor Destruction, Lesser Servant of Makhleb, Major
Destruction, Greater Servant of Makhleb


You were in the Dungeon.
You worshipped Makhleb.
Makhleb was exalted by your worship.
You visited 1 branch

Inventory:

Hand Weapons
 a - a +0 hand axe
 j - the +∞ Axe of Woe (weapon)
   (You found it in the Dungeon)
Missiles
 d - 7 darts of dispersal (quivered)
Armour
 b - a +0 leather armour (worn)
Jewellery
 c - a ring of protection from fire (left hand)
Potions
 e - a potion of curing
 f - a potion of heal wounds
 g - a potion of haste
 h - 2 potions of magic
 i - a potion of berserk rage


   Skills:
 O Level 27 Fighting
 O Level 27 Short Blades
 O Level 27 Long Blades
 O Level 27 Axes
 O Level 27 Maces & Flails
 O Level 27 Polearms
 O Level 27 Staves
 O Level 27 Ranged Weapons
 O Level 27 Throwing
 O Level 27 Armour
 O Level 27 Dodging
 O Level 27 Stealth
 O Level 27 Shields
 O Level 27 Unarmed Combat
 O Level 27 Spellcasting
 + Level 19.4 Conjurations
 + Level 17.9 Hexes
 + Level 19.4 Summonings
 + Level 19.4 Necromancy
 O Level 27 Translocations
 + Level 19.3 Fire Magic
 + Level 19.4 Ice Magic
 + Level 18.8 Air Magic
 + Level 20.2 Earth Magic
 + Level 18.7 Alchemy
 O Level 27 Invocations
 + Level 21.9 Evocations
 + Level 18.7 Shapeshifting


You had 80 spell levels left.
You didn't know any spells.
Your spell library contained the following spells:

 Spells                   Type           Power      Damage    Failure   Level
 Blink                    Tloc           100%       N/A       0%          2
 Lesser Beckoning         Tloc           100%       N/A       0%          2
 Maxwell's Portable Pile  Tloc           61%        2d(11-31) 0%          3
 Teleport Other           Tloc           61%        N/A       0%          3
 Vhi's Electric Charge    Tloc/Air       100%       N/A       0%          4


Dungeon Overview and Level Annotations

Branches:
Dungeon (1/1)

Altars:
Makhleb


Innate Abilities, Weirdness & Mutations

You have a pair of horns on your head.
You reflexively headbutt those who attack you in melee.


Message History

The large abomination disappears in a puff of smoke!
You have mastered Short Blades!
You have mastered Ranged Weapons!
Press: ? - help, v - describe, . - travel The floor.
You slice the bag of meat!!
You slaughter the bag of meat joyfully.
You blow up the bag of meat!
Makhleb accepts your kill.
You feel better.
The eight-headed meat hydra calls on the powers of darkness!
The eight-headed meat hydra convulses!
The bag of meat convulses!
Your body is wracked with pain!
* * * LOW HITPOINT WARNING * * *
The bag of meat convulses!
The dread throws damnation at you.
The sphere of damnation explodes!
The damnation engulfs you!!
* * * LOW HITPOINT WARNING * * *
You slice the bag of meat!!
You cleave the bag of meat in twain.
You blow up the bag of meat!
Makhleb accepts your kill.
You feel better.
The meat beast appears out of thin air!
A meat beast comes into view.
The eight-headed meat hydra calls on the powers of darkness!
The eight-headed meat hydra convulses!
The bag of meat convulses!
Your body is wracked with pain!
* * * LOW HITPOINT WARNING * * *
The dread calls on the powers of darkness!
Your body is wracked with pain!
* * * LOW HITPOINT WARNING * * *
The eight-headed meat hydra convulses!
The bag of meat convulses!
A bag of meat comes into view. It is wielding a +9 war axe.
Press: ? - help, v - describe, . - travel
Here: a meat beast (wandering, fast, hasn't noticed you)
The floor, spattered with blood.
There are monsters nearby!
Press: ? - help, v - describe, . - travel, g - get item
Items here: a +9 heavy great sword; a +200 ring of slaying.
The floor, spattered with blood.
The dread throws damnation at you.
The sphere of damnation explodes!
The damnation engulfs you!!!
You die...

........#
o...§§§..........#
ooO.§○....#......#
..O..§§.o........#
..z......o#.W....#
....o....).......#
.○D.o.O..)##.o...#
#)O.o....§§..D..@#
§§.V....V###.))).#
§)☼..........))).#
§.V..#.#......○))#
.z.o..........)))#
....#.#.#......)○#
............W....#
.....#o#.#..#..2.#
#..... ....#.....#


You could see a meat beast (wandering, fast), an eight-headed meat hydra, 2
dreads and 2 bags of meat.

Vanquished Creatures
  A hell beast (D)
  12 vampire knights (D)
  28 ogres (D)
  4 two-headed ogres (D)
  5 liches (D)
  65 orcs (D)
  8 skeletal warriors (D)
  A royal mummy (D)
124 creatures vanquished.

Vanquished Creatures (others)
  3 two-headed ogres (D)
  5 orcs (D)
8 creatures vanquished.

Grand Total: 132 creatures vanquished

Notes
Turn   | Place    | Note
-------+----------+-------------------------------------------
     0 | D        | Found the +∞ Axe of Woe
     0 | D        | Griffin23 the Minotaur Warper began the quest for the Orb.
     0 | D        | Reached XP level 1. HP: 18/18 MP: 1/1
     2 | D        | Noticed a meat berserker
     2 | D        | Noticed a bag of meat
     3 | D        | Noticed a bag of meat
     4 | D        | Became a worshipper of Makhleb the Destroyer
     6 | D        | Killed a meat berserker
     6 | D        | Noticed a meat berserker
     7 | D        | Reached XP level 2. HP: 52/52 MP: 3/3
     7 | D        | Reached XP level 3. HP: 59/59 MP: 4/4
     7 | D        | Reached XP level 4. HP: 68/68 MP: 5/5
     7 | D        | Reached XP level 5. HP: 74/74 MP: 6/6
     7 | D        | Reached XP level 6. HP: 82/82 MP: 7/7
     7 | D        | Reached XP level 7. HP: 89/89 MP: 8/8
     7 | D        | Reached XP level 8. HP: 97/97 MP: 9/9
     7 | D        | Reached XP level 9. HP: 104/104 MP: 10/10
     7 | D        | Reached XP level 10. HP: 112/112 MP: 11/11
     7 | D        | Reached XP level 11. HP: 118/118 MP: 12/12
     7 | D        | Killed a meat berserker
     7 | D        | Reached * piety under Makhleb
     8 | D        | Reached XP level 12. HP: 134/134 MP: 13/13
     8 | D        | Reached XP level 13. HP: 141/141 MP: 14/14
     8 | D        | Killed a bag of meat
     9 | D        | Killed a bag of meat
     9 | D        | Noticed a bag of meat
     9 | D        | Noticed a bag of meat
    11 | D        | Killed a bag of meat
    11 | D        | Reached ** piety under Makhleb
    12 | D        | Reached XP level 14. HP: 157/157 MP: 15/15
    12 | D        | Noticed a bag of meat
    12 | D        | Noticed a meat berserker
    13 | D        | Noticed a meat berserker
    13 | D        | Noticed a bag of meat
    13 | D        | Noticed a bag of meat
    13 | D        | Noticed a bag of meat
    13 | D        | Noticed a bag of meat
    13 | D        | Noticed a meat berserker
    14 | D        | Noticed a bag of meat
    14 | D        | Noticed a bag of meat
    14 | D        | Noticed a bag of meat
    14 | D        | Noticed a bag of meat
    14 | D        | Noticed a bag of meat
    14 | D        | Noticed a bag of meat
    14 | D        | Noticed a bag of meat
    14 | D        | Noticed a bag of meat
    14 | D        | Noticed a bag of meat
    14 | D        | Noticed a meat berserker
    15 | D        | Noticed a bag of meat
    15 | D        | Noticed a bag of meat
    15 | D        | Noticed a bag of meat
    15 | D        | Noticed a meat berserker
    15 | D        | Noticed a bag of meat
    15 | D        | Noticed a bag of meat
    15 | D        | Noticed a meat berserker
    16 | D        | Killed a meat berserker
    16 | D        | Noticed a bag of meat
    16 | D        | Noticed a bag of meat
    17 | D        | Noticed a meat berserker
    17 | D        | Killed a meat berserker
    17 | D        | Noticed a meat berserker
    17 | D        | Noticed a destroyer
    18 | D        | Reached XP level 15. HP: 142/171 MP: 16/16
    18 | D        | Reached *** piety under Makhleb
    18 | D        | Noticed a meat berserker
    18 | D        | Noticed a meat berserker
    19 | D        | Reached skill level 27 in Fighting
    19 | D        | Reached skill level 27 in Axes
    19 | D        | Reached skill level 27 in Armour
    20 | D        | Reached skill level 27 in Dodging
    20 | D        | Reached skill level 1 in Maces & Flails
    20 | D        | Reached skill level 1 in Polearms
    20 | D        | Reached skill level 1 in Unarmed Combat
    20 | D        | Reached skill level 1 in Invocations
    20 | D        | Killed a meat berserker
    20 | D        | Reached **** piety under Makhleb
    20 | D        | Noticed a meat berserker
    21 | D        | Reached skill level 5 in Spellcasting
    21 | D        | Reached XP level 16. HP: 183/183 MP: 16/23
    21 | D        | Noticed a meat berserker
    21 | D        | Killed a meat berserker
    21 | D        | Reached ***** piety under Makhleb
    22 | D        | Reached skill level 10 in Stealth
    22 | D        | Reached skill level 10 in Invocations
    22 | D        | Killed a meat berserker
    22 | D        | Killed a destroyer
    22 | D        | Noticed a meat berserker
    22 | D        | Noticed a meat berserker
    23 | D        | Reached skill level 10 in Translocations
    23 | D        | Reached XP level 17. HP: 191/191 MP: 16/29
    23 | D        | Killed a meat berserker
    23 | D        | Noticed a large bag of meat
    24 | D        | Reached skill level 15 in Throwing
    24 | D        | Reached skill level 15 in Unarmed Combat
    24 | D        | Reached skill level 10 in Spellcasting
    24 | D        | Noticed a destroyer
    24 | D        | Noticed a meat berserker
    25 | D        | Reached skill level 15 in Invocations
    25 | D        | Reached XP level 18. HP: 153/200 MP: 16/32
    25 | D        | Reached ****** piety under Makhleb
    25 | D        | Killed a meat berserker
    25 | D        | Killed a meat berserker
    26 | D        | Killed a meat berserker
    26 | D        | Killed a meat berserker
    26 | D        | Killed a meat berserker
    26 | D        | Noticed a large bag of meat
    27 | D        | Reached skill level 15 in Translocations
    27 | D        | Reached XP level 19. HP: 207/207 MP: 16/36
    28 | D        | Noticed a large bag of meat
    28 | D        | Noticed a destroyer
    28 | D        | Noticed a meat berserker
    29 | D        | Reached skill level 15 in Spellcasting
    30 | D        | Killed a meat berserker
    30 | D        | Killed a meat berserker
    30 | D        | Noticed a meat berserker
    31 | D        | Reached XP level 20. HP: 184/216 MP: 17/39
    31 | D        | Killed a destroyer
    31 | D        | Noticed an eight-headed meat hydra
    32 | D        | Reached skill level 27 in Maces & Flails
    32 | D        | Reached skill level 27 in Polearms
    32 | D        | Killed a meat berserker
    32 | D        | Killed a meat berserker
    33 | D        | Reached skill level 27 in Unarmed Combat
    33 | D        | Reached XP level 21. HP: 224/224 MP: 18/43
    33 | D        | Killed a destroyer
    33 | D        | Killed a large bag of meat
    34 | D        | Reached skill level 27 in Throwing
    34 | D        | Reached skill level 27 in Stealth
    34 | D        | Reached skill level 27 in Invocations
    34 | D        | Reached XP level 22. HP: 204/233 MP: 18/47
    35 | D        | Killed a large bag of meat
    35 | D        | Noticed a large bag of meat
    35 | D        | Noticed a large bag of meat
    36 | D        | Reached skill level 27 in Translocations
    36 | D        | Noticed a destroyer
    37 | D        | Reached skill level 27 in Spellcasting
    37 | D        | Killed a large bag of meat
    38 | D        | Reached XP level 23. HP: 97/240 MP: 19/53
    38 | D        | Noticed a destroyer
    39 | D        | Reached skill level 5 in Earth Magic
    39 | D        | Reached skill level 5 in Evocations
    40 | D        | Reached skill level 10 in Long Blades
    40 | D        | Reached skill level 5 in Conjurations
    40 | D        | Reached skill level 5 in Hexes
    40 | D        | Reached skill level 5 in Summonings
    40 | D        | Reached skill level 5 in Necromancy
    40 | D        | Reached skill level 5 in Fire Magic
    40 | D        | Reached skill level 5 in Ice Magic
    40 | D        | Reached skill level 5 in Air Magic
    40 | D        | Reached skill level 5 in Alchemy
    40 | D        | Reached skill level 5 in Shapeshifting
    40 | D        | Killed a destroyer
    40 | D        | Noticed a large bag of meat
    40 | D        | Noticed a destroyer
    41 | D        | Reached skill level 10 in Short Blades
    41 | D        | Reached skill level 10 in Ranged Weapons
    41 | D        | Noticed a destroyer
    42 | D        | Killed a destroyer
    43 | D        | Reached skill level 10 in Evocations
    43 | D        | Reached XP level 24. HP: 196/249 MP: 20/53
    43 | D        | Noticed a destroyer
    44 | D        | Reached skill level 10 in Earth Magic
    44 | D        | Noticed a destroyer
    44 | D        | Noticed a destroyer
    44 | D        | Noticed a tyrant
    44 | D        | Noticed a destroyer
    44 | D        | Killed a large bag of meat
    46 | D        | Noticed a tyrant
    46 | D        | Noticed a destroyer
    47 | D        | Reached skill level 15 in Long Blades
    47 | D        | Killed a destroyer
    48 | D        | Reached skill level 15 in Short Blades
    48 | D        | Reached skill level 15 in Ranged Weapons
    48 | D        | Reached skill level 15 in Shields
    48 | D        | Reached skill level 10 in Conjurations
    48 | D        | Reached skill level 10 in Summonings
    48 | D        | Reached skill level 10 in Necromancy
    48 | D        | Reached skill level 10 in Fire Magic
    48 | D        | Reached skill level 10 in Ice Magic
    48 | D        | Reached skill level 10 in Air Magic
    48 | D        | Reached skill level 10 in Alchemy
    48 | D        | Reached skill level 10 in Shapeshifting
    48 | D        | Noticed a tyrant
    48 | D        | Killed a destroyer
    48 | D        | Noticed a tyrant
    49 | D        | Reached skill level 10 in Hexes
    49 | D        | Noticed a large bag of meat
    50 | D        | Noticed an accursed
    50 | D        | Killed an accursed
    51 | D        | Killed a destroyer
    51 | D        | Killed a tyrant
    52 | D        | Reached skill level 27 in Staves
    52 | D        | Reached XP level 25. HP: 257/257 MP: 22/53
    52 | D        | Noticed a tyrant
    53 | D        | Reached skill level 15 in Evocations
    53 | D        | Killed a tyrant
    53 | D        | Killed a destroyer
    55 | D        | Killed a tyrant
    56 | D        | Reached skill level 15 in Earth Magic
    58 | D        | Killed a large bag of meat
    59 | D        | Reached skill level 15 in Conjurations
    59 | D        | Reached skill level 15 in Summonings
    59 | D        | Reached skill level 15 in Necromancy
    59 | D        | Reached skill level 15 in Fire Magic
    59 | D        | Reached skill level 15 in Ice Magic
    59 | D        | Reached XP level 26. HP: 164/266 MP: 24/53
    60 | D        | Reached skill level 15 in Air Magic
    60 | D        | Reached skill level 15 in Alchemy
    60 | D        | Reached skill level 15 in Shapeshifting
    65 | D        | Noticed a meat beast
    66 | D        | Noticed a destroyer
    68 | D        | Reached skill level 15 in Hexes
    68 | D        | Killed a large bag of meat
    68 | D        | Killed a large bag of meat
    69 | D        | Killed a destroyer
    69 | D        | Killed a meat beast
    70 | D        | Reached skill level 27 in Long Blades
    70 | D        | Reached XP level 27. HP: 151/273 MP: 27/53
    70 | D        | Noticed a dread
    70 | D        | Killed a destroyer
    70 | D        | Killed a destroyer
    70 | D        | Killed a tyrant
    71 | D        | Reached skill level 27 in Shields
    71 | D        | Noticed a dread
    74 | D        | Killed a tyrant
    75 | D        | Reached skill level 27 in Short Blades
    75 | D        | Reached skill level 27 in Ranged Weapons
    77 | D        | HP: 12/273 [??? (9)]
    78 | D        | Noticed a meat beast
    78 | D        | Killed from afar by a dread

Illustrated notes

Levels and vault maps discovered:
D:        meatsprint

Skill      XL: |  1  2  3  4  5  6  7  8  9 10 11 12 13 14 15 16 17 18 19 20 21 22 23 24 25 26 27 |
---------------+----------------------------------------------------------------------------------+-----
Fighting       | 17 20 23 25 27 | 27.0
Axes           | 17 20 23 25 27 | 27.0
Armour         | 17 20 23 25 27 | 27.0
Dodging        | 16 19 21 24 27 | 27.0
Maces & Flails | 9 16 18 23 26 27 | 27.0
Polearms       | 9 16 18 23 26 27 | 27.0
Unarmed Combat | 8 14 16 20 24 27 | 27.0
Invocations    | 7 13 15 19 22 26 27 | 27.0
Throwing       | 8 13 16 20 23 26 27 | 27.0
Stealth        | 7 12 14 18 21 25 27 | 27.0
Spellcasting   | 5 9 11 14 16 19 22 27 | 27.0
Translocations | 6 10 12 15 17 20 24 27 | 27.0
Staves         | 21 24 27 | 27.0
Short Blades   | 6 13 18 21 25 27 | 27.0
Long Blades    | 6 14 20 23 27 | 27.0
Ranged Weapons | 6 13 18 21 25 27 | 27.0
Shields        | 6 13 18 22 26 27 | 27.0
Conjurations   | 3 8 12 15 18 19 | 19.4
Hexes          | 3 8 11 13 16 17 | 17.9
Summonings     | 3 8 12 15 18 19 | 19.4
Necromancy     | 3 8 12 15 18 19 | 19.4
Fire Magic     | 3 8 12 15 18 19 | 19.3
Ice Magic      | 3 8 12 15 18 19 | 19.4
Air Magic      | 3 8 12 14 17 18 | 18.8
Earth Magic    | 4 9 13 15 18 20 | 20.2
Alchemy        | 3 8 12 14 17 18 | 18.7
Evocations     | 4 10 14 17 20 21 | 21.9
Shapeshifting  | 3 8 12 14 17 18 | 18.7

Action                     |  1- 3 |  4- 6 |  7- 9 | 10-12 | 13-15 | 16-18 | 19-21 | 22-24 | 25-27 || total
---------------------------+-------+-------+-------+-------+-------+-------+-------+-------+-------++-------
  Melee: Executioner's axe |     1 |       |       |     1 |     8 |     6 |     6 |    15 |    19 ||    56
    Use: Scroll            |       |       |       |       |       |       |       |     2 |       ||     2
 Armour: Leather armour    |       |       |       |       |     1 |     2 |     5 |     2 |    18 ||    28
  Dodge: Dodged            |       |       |       |       |       |       |       |     1 |       ||     1

Table legend: (Time is in decaauts)
 A = Elapsed time spent in this place.
 B = Non-inter-level travel time spent in this place.
 C = Inter-level travel time spent in this place.
 D = Time resting spent in this place.
 E = Time spent auto-exploring this place.
 F = Levels seen in this place.
 G = Mean time per level.
                   A        B        C        D        E       F      G
               +--------+--------+--------+--------+--------+-----+--------+
         Total |     62 |     62 |      0 |      0 |      0 |   1 |   62.0 |
       Dungeon |     62 |     62 |      0 |      0 |      0 |   1 |   62.0 |
               +--------+--------+--------+--------+--------+-----+--------+

Top non-repeatable levels by time:
       D: 62 daAuts
